 Dungeon Crawl Stone Soup version 0.32-a0-540-g866d13106e (console) character file.

Game seed: 8568043560736985993

7799 jejorda2 the Cleaver (level 11, -4/89 HPs)
             Began as a Gnoll Berserker on Feb 28, 2024.
             Was an Elder of Trog.
             Slain by a shadow (25 damage)
             ... on level 10 of the Dungeon.
             The game lasted 00:16:58 (9487 turns).

jejorda2 the Cleaver (Gnoll Berserker)              Turns: 9487, Time: 00:16:58

Health: -4/89      AC: 22    Str: 21    XL:     11   Next: 20%
Magic:  20/20      EV: 19    Int:  7    God:    Trog [****..]
Gold:   579        SH:  0    Dex: 11    Spells: 22/22 levels left

rFire   . . .        a - +1 war axe (venom)
rCold   . . .        (no shield)
rNeg    . . .        D - +0 plate armour
rPois   .            n - +2 helmet
rElec   .            A - +1 cloak
rCorr   .            (no gloves)
SInv    .            c - +2 pair of boots
Will    .....        (no amulet) Stlth
                     e - +5 ring of evasion
HPRegen 0.34/turn    l - +5 ring of evasion
MPRegen 0.17/turn

%: no passive effects
@: studying Maces & Flails
A: fangs 1, strong nose, distributed training
a: Renounce Religion, Berserk, Trog's Hand, Brothers in Arms


You were on level 10 of the Dungeon.
You worshipped Trog.
Trog was greatly pleased with you.
You visited 1 branch of the dungeon, and saw 10 of its levels.

You collected 579 gold pieces.

Inventory:

Hand Weapons
 a - a +1 war axe of venom (weapon)
 H - a +3 flail of freezing
Missiles
 h - a throwing net
 i - 3 boomerangs
 u - 25 poisoned darts (quivered)
 x - 2 javelins
Armour
 c - a +2 pair of boots (worn)
 n - a +2 helmet (worn)
 A - a +1 cloak (worn)
 D - a +0 plate armour (worn)
Jewellery
 e - a +5 ring of evasion (left hand)
 l - a +5 ring of evasion (right hand)
 v - a ring of resist corrosion
Wands
 d - a wand of roots (6)
 j - a wand of digging (9)
 q - a wand of flame (38)
 t - a wand of mindburst (9)
 y - a wand of charming (3)
Scrolls
 f - a scroll of revelation
 g - a scroll of fear
 k - 4 scrolls of immolation
 r - a scroll of fog
 C - 2 scrolls of poison
 E - a scroll of teleportation
Potions
 b - a potion of might {unknown}
 m - a potion of mutation {unknown}
 o - a potion of degeneration {unknown}
 p - a potion of enlightenment {unknown}
 s - a potion of curing {unknown}
 w - 2 potions of haste
 z - 2 potions of lignification
 F - a potion of berserk rage {unknown}
 G - 4 potions of heal wounds


   Skills:
 + Level 9.2 Fighting
 + Level 6.3 Short Blades
 + Level 6.3 Long Blades
 + Level 9.2 Axes
 + Level 8.0 Maces & Flails
 + Level 6.3 Polearms
 + Level 6.3 Staves
 + Level 6.3 Ranged Weapons
 + Level 6.3 Throwing
 + Level 7.9 Armour
 + Level 7.9 Dodging
 + Level 6.3 Stealth
 + Level 6.3 Shields
 + Level 6.3 Unarmed Combat
 + Level 6.3 Spellcasting
 + Level 5.2 Conjurations
 + Level 5.2 Hexes
 + Level 5.2 Summonings
 + Level 5.2 Necromancy
 + Level 5.2 Translocations
 + Level 5.2 Fire Magic
 + Level 5.2 Ice Magic
 + Level 5.2 Air Magic
 + Level 5.2 Earth Magic
 + Level 5.2 Alchemy
 + Level 6.9 Invocations
 + Level 6.3 Evocations
 + Level 5.7 Shapeshifting


You had 22 spell levels left.
You didn't know any spells.
Your spell library was empty.

Dungeon Overview and Level Annotations

Branches:
Dungeon (10/15)            Temple (0/1) D:5            Lair (0/5) D:9
    Orc: D:9-12

Altars:
Gozag
Hepliaklqana
Makhleb
Okawaru
Ru
Sif Muna
Uskayaw
Vehumet
The Shining One

Annotations:
D:10 1 runed translucent door


Innate Abilities, Weirdness & Mutations

You have very sharp teeth.
Your uncanny sense of smell can sniff out nearby items.
Your experience applies equally to all skills.


Message History

The shadow strikes at you from the darkness!
Reactivating autopickup.
You slash the shadow!
The shadow is moderately damaged.
The shadow completely misses you.
You closely miss the shadow.
The shadow is moderately damaged.
The shadow barely misses you.
You slash the shadow!
The shadow is heavily damaged.
The shadow misses you.
You barely miss the shadow.
The shadow is heavily damaged.
The shadow hits you. x2
You hit the shadow but do no damage.
The shadow is heavily damaged.
The shadow hits you.
You slash the shadow!
The shadow is severely damaged.
The shadow barely misses you.
You hit the shadow but do no damage. You bite the shadow, but do no damage.
The shadow is severely damaged.
The shadow slips into darkness.
The shadow flickers and vanishes!
Deactivating autopickup; reactivate with Ctrl-A.
You miss something. You bite something.
The shadow strikes at you from the darkness!
Reactivating autopickup.
You barely miss the shadow.
The shadow is severely damaged.
The shadow hits you!
* * * LOW HITPOINT WARNING * * *
You completely miss the shadow. You bite the shadow, but do no damage.
The shadow is severely damaged.
The shadow slips into darkness.
The shadow flickers and vanishes!
Deactivating autopickup; reactivate with Ctrl-A.
You miss something.
The shadow strikes at you from the darkness!
You die...

#.......#....#.#
#.......##+###.#
#..............#
#..............#
###............#
#....######..#
####.# #..# ∆ #.#
#..# #@# +..# #{#
#...
..#######.####+#
.................
.................
....P............
.................
.................
.PP..#######.....


There were no monsters in sight!

Vanquished Creatures
  Erolcha (D:9)
  2 two-headed ogres
  Pikel (D:5)
  2 centaur zombies (D:10)
  Maurice (D:9)
  A komodo dragon (D:9)
  A troll (D:10)
  2 blink frogs (D:9)
  Prince Ribbit (D:9)
  A vampire (D:10)
  A wraith (D:10)
  A yak (D:9)
  2 acid dragons
  A water moccasin (D:8)
  A black bear (D:8)
  5 orc warriors
  A sky beast (D:6)
  2 ice beasts
  3 centaurs
  4 lemures (D:5)
  A phantom (D:4)
  4 bullfrogs
  2 scorpions
  5 wights (D:10)
  6 killer bees (D:9)
  A howler monkey (D:10)
  3 bombardier beetles
  2 jellies
  2 gnoll boudas
  4 orc priests
  3 hounds
  A sleepcap (D:8)
  4 iguanas
  Ijyb (D:4)
  6 orc wizards
  A howler monkey zombie (D:10)
  Robin (D:2)
  6 adders
  12 gnolls
  A shadow imp (D:7)
  3 white imps
  A dart slug (D:3)
  2 ribbon worms
  33 orcs
  10 ball pythons
  6 bats
  4 endoplasms (D:1)
  3 giant cockroaches
  20 goblins
  11 hobgoblins
  7 jackals
  8 kobolds
  8 quokkas
  2 frilled lizards
  6 rats
224 creatures vanquished.

Vanquished Creatures (others)
  3 yaks (D:9)
  4 orcs (D:9)
7 creatures vanquished.

Grand Total: 231 creatures vanquished

Notes
Turn   | Place    | Note
-------+----------+-------------------------------------------
     0 | D:1      | jejorda2 the Gnoll Berserker began the quest for the Orb.
     0 | D:1      | Reached XP level 1. HP: 23/23 MP: 1/1
   177 | D:1      | Reached XP level 2. HP: 27/29 MP: 2/2
   453 | D:1      | Reached XP level 3. HP: 35/35 MP: 3/3
   778 | D:2      | Reached ** piety under Trog
   820 | D:2      | Reached skill level 1 in Invocations
  1050 | D:2      | Noticed Robin
  1056 | D:2      | Reached skill level 1 in Short Blades
  1056 | D:2      | Reached skill level 1 in Long Blades
  1056 | D:2      | Reached skill level 1 in Maces & Flails
  1056 | D:2      | Reached skill level 1 in Polearms
  1056 | D:2      | Reached skill level 1 in Staves
  1056 | D:2      | Reached skill level 1 in Ranged Weapons
  1056 | D:2      | Reached skill level 1 in Throwing
  1056 | D:2      | Reached skill level 1 in Stealth
  1056 | D:2      | Reached skill level 1 in Shields
  1056 | D:2      | Reached skill level 1 in Unarmed Combat
  1056 | D:2      | Reached skill level 1 in Spellcasting
  1056 | D:2      | Reached skill level 1 in Evocations
  1062 | D:2      | Killed Robin
  1063 | D:2      | Reached skill level 1 in Shapeshifting
  1063 | D:2      | Reached XP level 4. HP: 31/41 MP: 5/5
  1268 | D:2      | Reached skill level 1 in Conjurations
  1268 | D:2      | Reached skill level 1 in Hexes
  1268 | D:2      | Reached skill level 1 in Summonings
  1268 | D:2      | Reached skill level 1 in Necromancy
  1268 | D:2      | Reached skill level 1 in Translocations
  1268 | D:2      | Reached skill level 1 in Fire Magic
  1268 | D:2      | Reached skill level 1 in Ice Magic
  1268 | D:2      | Reached skill level 1 in Air Magic
  1268 | D:2      | Reached skill level 1 in Earth Magic
  1268 | D:2      | Reached skill level 1 in Alchemy
  1612 | D:3      | Found a sacrificial altar of Ru.
  1626 | D:3      | Reached XP level 5. HP: 47/47 MP: 5/7
  1677 | D:3      | Reached *** piety under Trog
  2069 | D:3      | Found a shimmering blue altar of Sif Muna.
  2069 | D:3      | Found a glowing golden altar of the Shining One.
  2705 | D:4      | Reached XP level 6. HP: 53/53 MP: 8/8
  2839 | D:4      | Reached skill level 5 in Armour
  2839 | D:4      | Reached skill level 5 in Dodging
  3349 | D:4      | Noticed Ijyb
  3366 | D:4      | Killed Ijyb
  3544 | D:5      | Entered Level 5 of the Dungeon
  3594 | D:5      | Reached XP level 7. HP: 60/60 MP: 10/10
  3810 | D:5      | Found a staircase to the Ecumenical Temple.
  4242 | D:5      | Noticed Pikel
  4262 | D:5      | Killed Pikel
  4263 | D:5      | Reached XP level 8. HP: 67/67 MP: 11/13
  4774 | D:6      | Reached **** piety under Trog
  4866 | D:6      | Found an opulent altar of Gozag.
  5493 | D:7      | Identified a scroll of acquirement
  5493 | D:7      | Acquired a manual of Maces & Flails
  5595 | D:7      | Reached XP level 9. HP: 71/73 MP: 14/14
  6309 | D:7      | Found a hide-covered altar of Uskayaw.
  6669 | D:8      | Found a hazy altar of Hepliaklqana.
  7346 | D:8      | Reached skill level 5 in Maces & Flails
  7348 | D:8      | Reached skill level 5 in Invocations
  7741 | D:9      | Noticed a two-headed ogre
  7748 | D:9      | Killed a two-headed ogre
  7749 | D:9      | Reached skill level 5 in Short Blades
  7749 | D:9      | Reached skill level 5 in Long Blades
  7749 | D:9      | Reached skill level 5 in Polearms
  7749 | D:9      | Reached skill level 5 in Staves
  7749 | D:9      | Reached skill level 5 in Ranged Weapons
  7749 | D:9      | Reached skill level 5 in Throwing
  7749 | D:9      | Reached skill level 5 in Stealth
  7749 | D:9      | Reached skill level 5 in Shields
  7749 | D:9      | Reached skill level 5 in Unarmed Combat
  7749 | D:9      | Reached skill level 5 in Spellcasting
  7749 | D:9      | Reached skill level 5 in Evocations
  7749 | D:9      | Reached XP level 10. HP: 81/81 MP: 15/17
  7804 | D:9      | Noticed Erolcha
  7816 | D:9      | Killed Erolcha
  8078 | D:9      | Noticed Prince Ribbit
  8091 | D:9      | Killed Prince Ribbit
  8102 | D:9      | Reached skill level 5 in Shapeshifting
  8124 | D:9      | Noticed Maurice
  8125 | D:9      | Found a staircase to the Lair.
  8131 | D:9      | Maurice stole 19 poisoned darts
  8137 | D:9      | Maurice stole a ring of resist corrosion
  8139 | D:9      | Maurice stole a +0 flail of protection
  8141 | D:9      | Killed Maurice
  8302 | D:9      | Found an iron altar of Okawaru.
  8458 | D:9      | Found a radiant altar of Vehumet.
  8716 | D:9      | Found a burning altar of Makhleb.
  8855 | D:10     | Entered Level 10 of the Dungeon
  8983 | D:10     | Reached skill level 5 in Conjurations
  8983 | D:10     | Reached skill level 5 in Hexes
  8983 | D:10     | Reached skill level 5 in Summonings
  8983 | D:10     | Reached skill level 5 in Necromancy
  8983 | D:10     | Reached skill level 5 in Translocations
  8983 | D:10     | Reached skill level 5 in Fire Magic
  8983 | D:10     | Reached skill level 5 in Ice Magic
  8983 | D:10     | Reached skill level 5 in Air Magic
  8983 | D:10     | Reached skill level 5 in Earth Magic
  8983 | D:10     | Reached skill level 5 in Alchemy
  8983 | D:10     | Reached XP level 11. HP: 86/89 MP: 20/20
  9036 | D:10     | Found a runed translucent door.
  9037 | D:10     | Noticed a boulder beetle
  9045 | D:10     | Noticed a two-headed ogre
  9055 | D:10     | Killed a two-headed ogre
  9185 | D:10     | HP: 1/133 [something (7)]
  9487 | D:10     | Slain by a shadow

Illustrated notes

Levels and vault maps discovered:
D:1:      erik_arrival_triangle_small, layout_basic, minmay_quantized
D:2:      layout_basic, uniq_robin
D:3:      layout_basic, nicolae_ru_great_annihilating_truth,
          amethyst_overflow_temple_binary, kennysheep_generic_room_14
D:4:      layout_loops_cross, chequers_avenue, minmay_diced_spiral, uniq_ijyb
D:5:      layout_loops_corners, minmay_temple_entry_proselytizer,
          grunt_decor_resistance, uniq_pikel
D:6:      layout_basic, nicolae_gozag_cash_rules_everything_around_me,
          kennysheep_doodads
D:7:      layout_loops_corners, overflow_temple_1_default
D:8:      layout_loops_cross, lemuel_tele_altar
D:9:      layout_basic, fiery_altar_vehumet, lightli_temple_of_fire,
          okawaru_trees_2, dpeg_lair_monsters, uniq_maurice,
          uniq_prince_ribbit1, uniq_erolcha
D:10:     layout_irregular_city, serial_undead, serial_undead_b,
          serial_undead_b, serial_undead_f, serial_undead_e, serial_undead_f,
          serial_undead_a, minmay_st_funbox

Skill      XL: |  1  2  3  4  5  6  7  8  9 10 11 |
---------------+----------------------------------+-----
Invocations    | 1 2 3 4 5 6 |  6.9
Short Blades   | 1 2 3 5 6 |  6.3
Long Blades    | 1 2 3 5 6 |  6.3
Maces & Flails | 1 2 3 5 7 8 |  8.0
Polearms       | 1 2 3 5 6 |  6.3
Staves         | 1 2 3 5 6 |  6.3
Ranged Weapons | 1 2 3 5 6 |  6.3
Throwing       | 1 2 3 5 6 |  6.3
Stealth        | 1 2 3 5 6 |  6.3
Shields        | 1 2 3 5 6 |  6.3
Unarmed Combat | 1 2 3 5 6 |  6.3
Spellcasting   | 1 2 3 5 6 |  6.3
Evocations     | 1 2 3 5 6 |  6.3
Shapeshifting  | 1 2 3 4 5 |  5.7
Conjurations   | 1 2 3 4 5 |  5.2
Hexes          | 1 2 3 4 5 |  5.2
Summonings     | 1 2 3 4 5 |  5.2
Necromancy     | 1 2 3 4 5 |  5.2
Translocations | 1 2 3 4 5 |  5.2
Fire Magic     | 1 2 3 4 5 |  5.2
Ice Magic      | 1 2 3 4 5 |  5.2
Air Magic      | 1 2 3 4 5 |  5.2
Earth Magic    | 1 2 3 4 5 |  5.2
Alchemy        | 1 2 3 4 5 |  5.2
Armour         | 5 6 7 |  7.9
Dodging        | 5 6 7 |  7.9
Fighting       | 7 8 9 |  9.2
Axes           | 7 8 9 |  9.2

Action                     |  1- 3 |  4- 6 |  7- 9 | 10-12 || total
---------------------------+-------+-------+-------+-------++-------
  Melee: Hand axe          |   132 |    59 |       |       ||   191
         Bite              |    13 |    24 |    31 |    23 ||    91
         War axe           |       |   132 |   256 |   194 ||   582
  Throw: Dart              |       |     1 |     1 |     2 ||     4
 Invoke: Berserk           |       |     1 |     6 |     5 ||    12
         Trog's Hand       |       |     1 |     2 |     3 ||     6
    Use: Scroll            |       |       |    18 |     3 ||    21
   Stab: Paralysed         |       |     1 |       |       ||     1
 Armour: Animal skin       |    14 |       |       |       ||    14
         Ring mail         |    31 |     6 |       |       ||    37
         Scale mail        |       |    89 |    14 |       ||   103
         Chain mail        |       |       |   111 |       ||   111
         Plate armour      |       |       |     2 |   130 ||   132
  Dodge: Dodged            |    99 |   193 |   178 |   193 ||   663

Table legend: (Time is in decaauts)
 A = Elapsed time spent in this place.
 B = Non-inter-level travel time spent in this place.
 C = Inter-level travel time spent in this place.
 D = Time resting spent in this place.
 E = Time spent auto-exploring this place.
 F = Levels seen in this place.
 G = Mean time per level.
                   A        B        C        D        E       F      G
               +--------+--------+--------+--------+--------+-----+--------+
         Total |   9644 |   9067 |    577 |    795 |   6607 |  10 |  964.4 |
       Dungeon |   9644 |   9067 |    577 |    795 |   6607 |  10 |  964.4 |
               +--------+--------+--------+--------+--------+-----+--------+

Top non-repeatable levels by time:
     D:7: 1238 daAuts
     D:5: 1103 daAuts
     D:8: 1098 daAuts
     D:9: 1096 daAuts
     D:3: 1077 daAuts
     D:4: 980 daAuts
     D:6: 882 daAuts
     D:1: 754 daAuts
     D:2: 751 daAuts
    D:10: 661 daAuts
